 Dungeon Crawl Stone Soup version 0.29.1-15-g9cfb28693d (webtiles) character file.

Game seed: 8620784130652228486

22 javelincjr the Magician (level 2, -4/20 HPs)
             Began as a Demonspawn Hedge Wizard on Apr 22, 2023.
             Slain by Sigmund
             ... wielding a +2 antimagic scythe
              (9 damage)
             ... on level 2 of the Dungeon on Apr 25, 2023.
             The game lasted 00:06:25 (1226 turns).

javelincjr the Magician (Demonspawn Hedge Wizard)   Turns: 1226, Time: 00:06:26

Health: -4/20      AC:  2    Str: 10    XL:     2   Next: 68%
Magic:  2/6        EV: 12    Int: 15    God:
Gold:   47         SH:  0    Dex: 12    Spells: 1/7 levels left

rFire   . . .      SeeInvis .   e - +4 spear
rCold   . . .      Faith    .   (no shield)
rNeg    . . .      Spirit   .   b - +0 robe
rPois   .          Reflect  .   c - +0 hat
rElec   .          Harm     .   (no cloak)
rCorr   .          Rampage  .   (no gloves)
Will    .....                   (no boots)
Stlth   ++........              (no amulet)
HPRegen 0.06/turn               n - ring of wizardry
MPRegen 0.10/turn               (no ring)

@: no status effects
A: powered by pain 1
a: no special abilities


You were on level 2 of the Dungeon.
You visited 1 branch of the dungeon, and saw 2 of its levels.

You collected 47 gold pieces.

Inventory:

Hand Weapons
 a - a +0 dagger
 e - a +4 spear (weapon)
Armour
 b - a +0 robe (worn)
 c - a +0 hat (worn)
Magical Staves
 p - a staff of cold
Jewellery
 n - a ring of wizardry (left hand)
Scrolls
 f - a scroll of enchant weapon {unknown}
 h - a scroll of teleportation {unknown}
 k - 3 scrolls of identify {unknown}
 m - a scroll of butterflies {unknown}
 q - a scroll of immolation {unknown}
 r - a scroll of noise {unknown}
Potions
 d - a potion of magic
 g - 2 potions of mutation {unknown}
 i - a potion of berserk rage {unknown}
 j - a potion of attraction {unknown}
 l - a potion of curing {unknown}
 o - a potion of haste {unknown}


   Skills:
 * Level 0.9 Fighting
 + Level 0.3 Polearms
 + Level 0.4 Armour
 + Level 1.9 Dodging
 - Level 1.7 Stealth
 + Level 3.1 Spellcasting
 + Level 1.2 Conjurations
 + Level 1.2 Summonings
 + Level 1.0 Translocations


You had one spell level left.
You knew the following spells:

 Your Spells              Type           Power      Damage    Failure   Level
a - Magic Dart            Conj           24%        1d4       4%          1
b - Call Imp              Summ           6%         N/A       8%          2
c - Blink                 Tloc           10%        N/A       8%          2
d - Slow                  Hex            8%         N/A       9%          1

Your spell library contained the following spells:

 Spells                   Type           Power      Damage    Failure   Level
 Summon Small Mammal      Summ           24%        N/A       4%          1
 Apportation              Tloc           10%        N/A       5%          1
 Call Canine Familiar     Summ           6%         N/A       14%         3
 Conjure Flame            Conj/Fire      4%         6-21      17%         3
 Summon Guardian Golem    Hex/Summ       4%         N/A       17%         3
 Mephitic Cloud           Conj/Pois/Air  3%         N/A       21%         3
 Alistair's Intoxication  Tmut/Pois      1%         N/A       89%         5


Dungeon Overview and Level Annotations

Branches:
Dungeon (2/15)

Altars:

Annotations:
D:2 Sigmund


Innate Abilities, Weirdness & Mutations

You sometimes gain a little power by taking damage.


Message History

Magic restored.
Casting: Call Imp (safe; 8% risk of failure)
Confirm with . or Enter, or press ? or * to list all spells.
A beastly little devil appears in a puff of flame.
Your crimson imp disappears in a puff of smoke!
You start resting.
Magic restored.
You start waiting.
Your crimson imp disappears in a puff of smoke!
Done waiting.
Casting: Call Imp (safe; 8% risk of failure)
Confirm with . or Enter, or press ? or * to list all spells.
A beastly little devil appears in a puff of frigid air.
There is a stone staircase leading up here.
Found a scroll labelled ROOMAMIWNA.
Found a stone staircase leading down.
Sigmund shouts!
A slug dart appears from out of your range of vision.
The slug dart hits your white imp.
A dart slug comes into view.
Found 7 gold pieces.
Casting: Call Imp (safe; 8% risk of failure)
Confirm with . or Enter, or press ? or * to list all spells.
Aiming: Slow (safe; 9% risk of failure)
Press: ? - help, Shift-Dir - straight line, f - Sigmund
Aim: Sigmund, wielding a +2 antimagic scythe and wearing a +0 robe (ally target, chance to affect: 45%) Sigmund resists with some effort.
Your white imp barely misses Sigmund.
Sigmund gestures at you while chanting. The magic dart hits you!
Casting: Slow (safe; 9% risk of failure)
Confirm with . or Enter, or press ? or * to list all spells.
Aiming: Slow (safe; 9% risk of failure)
Press: ? - help, Shift-Dir - straight line, f/p - Sigmund
Aim: Sigmund, wielding a +2 antimagic scythe and wearing a +0 robe (ally target, chance to affect: 45%)
The dart slug seems to slow down.
The dart slug launches a dart at you. The slug dart hits you.
* * * LOW HITPOINT WARNING * * *
Your white imp barely misses Sigmund.
Sigmund hits you from afar with a +2 antimagic scythe!
You die...

####+#+###
#.....>...
#.....?$..
#.......#
#..@5...#
#..w....#
#######@#
#.....#.#
#.###.#.# #
#.#<..#<#+#.####
#.######........
#......'.....###
########.....#
#.....# ......#


You could see Sigmund (ally target), a dart slug (slow) and a friendly white imp
(summoned).

Vanquished Creatures
  A dart slug (D:1)
  2 endoplasms (D:1)
  A giant cockroach (D:1)
  2 goblins (D:1)
  2 jackals (D:1)
  2 ball pythons (D:1)
  3 bats (D:1)
  2 frilled lizards (D:1)
  2 kobolds (D:1)
  3 rats (D:1)
20 creatures vanquished.

Vanquished Creatures (others)
  3 fungi (D:1)
  3 plants (D:1)
6 creatures vanquished.

Grand Total: 26 creatures vanquished

Notes
Turn   | Place    | Note
-------+----------+-------------------------------------------
     0 | D:1      | javelincjr the Demonspawn Hedge Wizard began the quest for
                  | the Orb.
     0 | D:1      | Reached XP level 1. HP: 13/13 MP: 4/4
   219 | D:1      | Reached skill level 1 in Translocations
   302 | D:1      | Gained mutation: You sometimes gain a little power by
                  | taking damage. [demonic ancestry]
   302 | D:1      | Reached XP level 2. HP: 18/20 MP: 0/6
   366 | D:1      | Learned a level 2 spell: Call Imp
   369 | D:1      | Learned a level 2 spell: Blink
   885 | D:1      | Found a faded altar of an unknown god.
  1056 | D:2      | Noticed Sigmund
  1060 | D:2      | Learned a level 1 spell: Slow
  1226 | D:2      | Slain by Sigmund

Illustrated notes

Levels and vault maps discovered:
D:1:      matt_arrival_grand_opening, layout_rooms,
          shapermc_ecumenical_altar_mp_urbaneastern, hangedman_decor_points
D:2:      layout_basic, minmay_worlds_worst_comb, uniq_robin, uniq_sigmund

Skill      XL: |  1 |
---------------+----+-----
Translocations | 1 |  1.0
Fighting       | |  0.9
Polearms       | |  0.3
Armour         | |  0.4
Dodging        | |  1.9
Stealth        | |  1.7
Spellcasting   | |  3.1
Conjurations   | |  1.2
Summonings     | |  1.2

Action                   || total
-------------------------++-------
Melee: Spear             ||    39
       Punch             ||     1
 Cast: Magic Dart        ||    30
       Call Imp          ||     4
       Slow              ||     2
 Stab: Sleeping          ||     1
Armor: Robe              ||     2
Dodge: Dodged            ||     6
